Cogmind - Beta 15 @@@ ROGUE MODE // 2025.07.27 @ 11:33:31 Player: FrigidRock Result: Destroyed by Y-45 Defender with Beam Rifle Performance ------------- Evolutions (0) 0 Regions Visited (3) 600 Robots Destroyed (21) 105 Value Destroyed (442) 442 Prototype IDs (12) 240 Alien Tech Used (0) 0 Bonus (40) 40 TOTAL SCORE: 1427 Bonus ------- Follower Combat Kills 40 Cogmind --------- Core Integrity 0/250 Matter 209/300 Energy 99/100 System Corruption 2% Temperature Cool (9) Movement Rolling (110) Location -8/Recycling Parts ------- > --- POWER (1) -------- (None) > --- PROPULSION (2) --- Subdweller Monowheel > --- UTILITY (2) ------ Subdweller Optics V3-11A's Pendant > --- WEAPON (2) ------- Subdweller Beam Cannon Battle Cannon > --- INVENTORY (5) ---- Power Bank Battle Rifle Makeshift Axe Piercing Trap Peak State ------------ > --- POWER ------------ (None) > --- PROPULSION ------- Subdweller Monowheel Subdweller Monowheel > --- UTILITY ---------- Subdweller Optics V3-11A's Pendant > --- WEAPON ----------- Battle Cannon Flamer > --- INVENTORY -------- Subdweller Monowheel Improved Terrain Scanner Battle Rifle Makeshift Axe Piercing Trap [Rating: 14] Favorites ----------- Power Ion Engine Engine Ion Engine Propulsion Wheel Wheel Wheel Utility Improved Terrain Scanner Device Improved Terrain Scanner Protection Weapon Shielding Weapon Battle Cannon Energy Gun EM Pulse Gun Energy Cannon Subdweller Beam Cannon Ballistic Gun Light Assault Rifle Ballistic Cannon Battle Cannon Launcher Grenade Launcher Special Weapon Flamer Build | -11 -10 -10 -8 ------- Run | Yrd Mat Sub Rec Slots Evolved . | . . . . Power . | . . . . Propulsion . | . . . . Utility . | . . . . Weapon . | . . . . Parts Attached 26 | 8 2 16 . Power 3 | 1 . 2 . Engine 3 | 1 . 2 . Core . | . . . . Reactor . | . . . . Propulsion 9 | 3 . 6 . Treads . | . . . . Leg . | . . . . Wheel 9 | 3 . 6 . Hover . | . . . . Flight . | . . . . Utility 5 | 2 1 2 . Device 4 | 2 . 2 . Storage . | . . . . Processor . | . . . . Hackware . | . . . . Protection 1 | . 1 . . Artifact . | . . . . Weapon 9 | 2 1 6 . Energy Gun 2 | 1 . 1 . Energy Cannon 1 | . . 1 . Ballistic Gun 3 | 1 . 2 . Ballistic Cannon 1 | . . 1 . Launcher 1 | . 1 . . Special Weapon 1 | . . 1 . Impact Weapon . | . . . . Slashing Weapon . | . . . . Piercing Weapon . | . . . . Special Melee Weapon . | . . . . Unidentified Prototypes 1 | . . 1 . Corrupted Parts 1 | 1 . . . System Corruption 2 | 2 . . . Parts Lost 10 | . . 10 . Power 3 | . . 3 . Propulsion 3 | . . 3 . Utility 1 | . . 1 . Weapon 3 | . . 3 . Highest Loss Streak 5 | . . 5 . To Critical Strikes 1 | . . 1 . Average Backups 3 | 2 5 3 3 Power . | . 1 . . Propulsion . | . 2 . . Utility . | . . . 1 Weapon 1 | . 1 1 2 Tool/Special . | . . . . Unused Backups 3 | . 1 . 2 Power . | . . . . Propulsion 1 | . 1 . . Utility 1 | . . . 1 Weapon 1 | . . . 1 Tool/Special . | . . . . Average Slot Usage (%) 89 | . 100 88 78 Engine 6 | . 14 6 . Wheel 25 | . 28 25 21 Device 21 | . 21 21 28 Protection 5 | . 6 6 . Energy Gun 3 | . 14 1 . Energy Cannon 2 | . . 2 14 Ballistic Gun 5 | . 13 4 . Ballistic Cannon 9 | . . 10 14 Launcher 2 | . . 3 . Special Weapon 4 | . . 5 . Peak Build Rating 14 | 9 9 14 14 Average Rating 10 | 5 9 11 12 On Entrance 8 | . 9 9 14 Naked Turns . | . . . . Heaviest Build 14 | 10 12 14 14 Greatest Support 40 | 26 20 40 40 Greatest Overweight (x) 4 | . . 1 4 Average Overweight (x) . | . . . . Largest Inventory Capacity 5 | 5 5 5 5 Average Capacity 5 | 5 5 5 5 Most Carried 5 | 5 5 5 5 Average Carried 3 | 2 4 3 4 Final Capacity 5 | 5 5 5 5 Final Carried 5 | 5 5 5 4 Class Distribution -------------------- 71% | Mutant 15% | Scavenger-Mutant 12% | Derelict-Mutant Dominant Class ---------------- Mutant | -10/Materials Mutant | -10/Subcaves Derelict-Mutant | -8/Recycling Resources | -11 -10 -10 -8 ----------- Run | Yrd Mat Sub Rec Matter Collected 880 | 317 . 520 43 Remotely . | . . . . Salvage Created 530 | 315 . 215 . Parts 37 | 19 . 18 . Haulers Intercepted . | . . . . Recyclers Shooed . | . . . . Parts Field Recycled . | . . . . Retrieved Matter . | . . . . Parts Self-Destructed 3 | . . 3 . Prevented . | . . . . Kills | -11 -10 -10 -8 ------- Run | Yrd Mat Sub Rec Combat Hostiles Destroyed 11 | . . 11 . Guns 1 | . . 1 . Cannons 5 | . . 5 . AOE 5 | . . 5 . Classes Destroyed 6 | 3 . 3 . Worker 2 | 2 . . . Tunneler 7 | 7 . . . Recycler 1 | 1 . . . Swarmer 2 | . . 2 . Sentry 1 | . . 1 . Subdweller 8 | . . 8 . Best Kill Streak 6 | 6 . 2 . Combat Bots Only 2 | . . 2 . Max Kills in Single Turn 1 | 1 . 1 . Gunslinging . | . . . . Exploded 1 | . . 1 . Melee . | . . . . Uniques/NPCs Destroyed . | . . . . Combat | -11 -10 -10 -8 -------- Run | Yrd Mat Sub Rec Hostile Shots Fired 62 | . 7 54 1 Missed 22 | . 6 16 . Hits 40 | . 1 38 1 Projectile 40 | . 1 38 1 Critical Strikes 2 | . . 2 . Damage Taken 888 | . 17 857 14 Core 261 | . 2 245 14 Absorbed by Shields . | . . . . Redirected to Shielding 56 | . . 56 . Core Remaining (%) 100 | 100 . . . Volleys Fired 93 | 37 3 53 . Largest 2 | 2 2 2 . Hottest 133 | 60 60 133 . Shots Fired 151 | 75 4 72 . Gun 95 | 75 2 18 . Cannon 30 | . . 30 . Launcher 23 | . 2 21 . Special 3 | . . 3 . Kinetic 79 | 37 1 41 . Thermal 4 | . . 4 . Explosive 23 | . 2 21 . Electromagnetic 45 | 38 1 6 . Robot Hit Streak 21 | 4 4 21 . Robot Miss Streak 2 | 2 . 2 . Penetration Max . | . . . . Secondary Targets . | . . . . Shots Hit Robots 84 | 37 2 45 . Core Hits 36 | 17 2 17 . Critical Kills . | . . . . Critical Parts Destroyed . | . . . . Critical Strikes . | . . . . Melee Attacks . | . . . . Impact . | . . . . Slashing . | . . . . Piercing . | . . . . Sneak Attacks . | . . . . Combat Hostiles . | . . . . Follow-up Attacks . | . . . . Damage Inflicted 1988 | 452 58 1478 . Guns 548 | 406 24 118 . Cannons 436 | . . 436 . Explosions 982 | 46 34 902 . Melee . | . . . . Ramming . | . . . . Kinetic 645 | 150 9 486 . Thermal 68 | 46 . 22 . Explosive 936 | . 34 902 . Electromagnetic 339 | 256 15 68 . Impact . | . . . . Slashing . | . . . . Piercing . | . . . . Highest Corruption 2 | 2 2 2 2 Average Corruption 2 | 2 2 2 2 Corruption Purged . | . . . . Corruption Blocked . | . . . . Effects 29 | 3 4 19 3 Message Errors 11 | 1 2 6 2 Matter Fused 6 | . 1 4 1 Energy Discharges 3 | . . 3 . Data Loss (minor) 4 | . 1 3 . Data Loss (major) 3 | 1 . 2 . Misfires 1 | 1 . . . Weapon Failures 1 | . . 1 . Overload Shots . | . . . . Overflow Damage 3 | 3 . . . Projectiles . | . . . . Explosions 3 | 3 . . . Melee . | . . . . Knockbacks 5 | . . 5 . Impact . | . . . . Kinetic 5 | . . 5 . Secondary . | . . . . Self-Inflicted Damage 68 | . 6 62 . Shots 7 | . 1 6 . Rammed . | . . . . Targets Rammed . | . . . . Kicked . | . . . . Crushed . | . . . . Highest Temperature 80 | 80 20 16 . Average Temperature 39 | 40 15 10 . Received Heat Transfer 117 | . 6 102 9 Siege Activations . | . . . . Martial Activations . | . . . . Shielding Activations . | . . . . Robots Disrupted . | . . . . Combat Hostiles . | . . . . Robots Corrupted . | . . . . Combat Hostiles . | . . . . Parts Fried 1 | 1 . . . Impact Corruptions . | . . . . Robots Melted . | . . . . Combat Hostiles . | . . . . Parts Melted . | . . . . Heat Transferred 260 | 100 . 160 . Parts Sabotaged . | . . . . Parts Stolen . | . . . . Parts Stripped . | . . . . Power Chain Reactions 1 | 1 . . . Alert | -11 -10 -10 -8 ------- Run | Yrd Mat Sub Rec Maximum Alert Level . | . . . . Low Security (%) 100 | 100 100 . 100 Level 1 . | . . . . Level 2 . | . . . . Level 3 . | . . . . Level 4 . | . . . . Level 5 . | . . . . High Security . | . . . . Max Security . | . . . . Peak Influence 116 | 15 75 . 116 Initial 43 | . . . 43 Average 23 | 1 26 . 77 Influence Increases 473 | 50 82 218 123 Destroy 0b10 Robot/C 140 | . . 120 20 Destroy 0b10 Robot/NC 50 | 50 . . . Allied During Kill 10 | . . 8 2 Successful Hack 7 | . 7 . . Select Force Hacks 90 | . . . 90 Destroy Structure 11 | . . . 11 Lose Combat Pursuer 165 | . 75 90 . Influence Decreases 367 | 50 60 150 107 Entered New Map 58 | . . 11 47 Time Decay 239 | 50 60 89 40 Lost Part 10 | . . 10 . Lost Ally 60 | . . 40 20 Squads Dispatched 3 | . 3 . . Investigation 1 | . 1 . . Extermination . | . . . . Reinforcement 2 | . 2 . . Assault . | . . . . Garrison . | . . . . Intercept . | . . . . Searches Triggered . | . . . . Construction Impeded . | . . . . Haulers Reinforced . | . . . . Active Scanning Responses . | . . . . Cargo Convoy Interrupts . | . . . . Stealth | -11 -10 -10 -8 --------- Run | Yrd Mat Sub Rec Distress Signals . | . . . . Communications Jammed . | . . . . Distress Signals . | . . . . Times Spotted 25 | . 7 17 1 Peak Tracking Total 5 | . 5 4 . Tactical Retreats 3 | . 1 2 . Traps | -11 -10 -10 -8 ------- Run | Yrd Mat Sub Rec Traps Triggered 2 | . 1 1 . Indirectly . | . . . . Trap Hack Attempts . | . . . . Triggered . | . . . . Disarmed . | . . . . Reprogrammed . | . . . . Reused . | . . . . Traps Extracted . | . . . . Installed . | . . . . Triggered . | . . . . Most Traps Carried 1 | . . 1 1 Machines | -11 -10 -10 -8 ---------- Run | Yrd Mat Sub Rec Machines Disabled 3 | . . 3 . Max in Single Turn 1 | . . 1 . Machines Repaired . | . . . . Machines Dismantled . | . . . . Machines Sabotaged . | . . . . Overloaded Fab Kills . | . . . . Hacking | -11 -10 -10 -8 --------- Run | Yrd Mat Sub Rec Machines Accessed 6 | . 2 1 3 Terminals 2 | . 2 . . Fabricators . | . . . . Repair Stations . | . . . . Recycling Units 3 | . . . 3 Scanalyzers . | . . . . Garrison Access . | . . . . Total Hacks 16 | . 4 9 3 Successful 14 | . 2 9 3 Failed 2 | . 2 . . Catastrophic . | . . . . Database Lockouts . | . . . . Manual 5 | . 2 . 3 Terminals 4 | . 4 . . Fabricators . | . . . . Repair Stations . | . . . . Recycling Units 3 | . . . 3 Scanalyzers . | . . . . Garrison Access . | . . . . Terminal Hacks 10 | . 1 9 . Record 8 | . . 8 . Branch Access Points 1 | . 1 . . Proto ID Catalog 1 | . . 1 . Fabricator Hacks . | . . . . Repair Station Hacks . | . . . . Recycling Unit Hacks . | . . . . Scanalyzer . | . . . . Garrison Access Hacks . | . . . . Unauthorized Hacks 4 | . 1 . 3 Terminals 1 | . 1 . . Skim 1 | . 1 . . Fabricators . | . . . . Repair Stations . | . . . . Recycling Units 3 | . . . 3 Tunnel 3 | . . . 3 Scanalyzers . | . . . . Garrison Access . | . . . . Data Cores Recovered . | . . . . Used . | . . . . Hacking Detections 2 | . 2 . . Full Trace Events . | . . . . Feedback Events . | . . . . Feedback Blocked . | . . . . Robot Schematics Acquired . | . . . . Robots Built . | . . . . Authchips . | . . . . Time . | . . . . Total Robot Build Rating . | . . . . Part Schematics Acquired . | . . . . Parts Built . | . . . . Authchips . | . . . . Time . | . . . . Total Part Build Rating . | . . . . Parts Repaired . | . . . . Time . | . . . . Parts Recycled . | . . . . Recycled Matter . | . . . . Retrieved Matter . | . . . . Retrieved Components . | . . . . Parts Scanalyzed . | . . . . Part Schematics Acquired . | . . . . Parts Damaged . | . . . . Bothacking | -11 -10 -10 -8 ------------ Run | Yrd Mat Sub Rec Used RIF Installer . | . . . . Robots Hacked . | . . . . Non-combat . | . . . . Combat . | . . . . Robot Hacks Applied . | . . . . Relay Couplers Released . | . . . . Fabnet Peak Effective % . | . . . . Robots Rewired . | . . . . Allies Hacked . | . . . . Hacks Repelled . | . . . . Allies | -11 -10 -10 -8 -------- Run | Yrd Mat Sub Rec Total Allies 4 | . . 4 . Largest Group 2 | . . 2 2 Highest-Rated Group 38 | . . 38 38 Highest-Rated Ally 19 | . . 19 19 Total Orders . | . . . . Ally Attacks 25 | . . 22 3 Total Damage 525 | . . 421 104 Kills 4 | . . 3 1 Allies Corrupted . | . . . . Allies Melted . | . . . . Intel | -11 -10 -10 -8 ------- Run | Yrd Mat Sub Rec Active Infowar (turns) 1017 | 14 216 787 . Optics 40 | . . 40 . Terrain 1017 | 14 216 787 . Seismic 118 | 6 112 . . Robot Analysis Total . | . . . . Derelict Logs Recovered . | . . . . Drone Launches . | . . . . Drone Recoveries . | . . . . Exploration | -11 -10 -10 -8 ------------- Run | Yrd Mat Sub Rec Turns Passed 1769 | 277 216 1179 97 Spaces Moved 1441 | 130 254 974 83 Core 6 | 3 . . 3 Treads . | . . . . Legs . | . . . . Wheels 1435 | 127 254 974 80 Hover . | . . . . Flight . | . . . . Fastest Speed 50 | 50 80 80 110 Average Speed 92 | 85 80 95 115 Slowest Speed 250 | 90 80 110 250 Overloaded Moves . | . . . . Propulsion Burnouts . | . . . . Robots Hopped . | . . . . Potential Cave-ins . | . . . . Cave-ins Triggered . | . . . . Exploration Rate (%) 28 | 4 34 56 19 Regions Visited 3 Branch Regions 2 Pre-discovered Areas 3 | . . . 3 Known Exits Taken . | . . . . Unknown Exits Taken 3 | 1 1 1 . Scrap Searched 4 | . . 4 . Spaces Dug 18 | . . 18 . Terrain Destroyed 94 | . . 94 . Melee . | . . . . Projectile . | . . . . AOE 94 | . . 94 . Terrain Rammed . | . . . . Walls Destroyed . | . . . . Machines Disabled . | . . . . Actions | -11 -10 -10 -8 --------- Run | Yrd Mat Sub Rec Total 1721 | 225 262 1148 86 Wait 129 | 45 1 83 . Move 1438 | 129 253 973 83 Hop . | . . . . Pick Up 12 | 5 1 6 . Fast Attach 16 | 7 1 8 . Attach 8 | 1 . 6 1 Detach 4 | 1 . 3 . Swap 9 | . 1 8 . Drop 12 | . 2 8 2 Fire 93 | 37 3 53 . Melee . | . . . . Ram . | . . . . Kick . | . . . . Crush . | . . . . Escape Stasis . | . . . . Rewire . | . . . . Trap . | . . . . Miscellaneous . | . . . . Route ------- -11/Scrapyard -10/Materials (discovered 3 exits: [Mat] / Min / *Sub) -10/Subcaves -8/Recycling History --------- Turn | Location | Event 4 | -11/Scrapyard | Discovered new exit (range 16) 278 | -11/Scrapyard | Entered Materials 310 | -10/Materials | Discovered new exit (range 13) 312 | -10/Materials | Build established: Mutant 383 | -10/Materials | Identified exit to Mines 443 | -10/Materials | Discovered new exit (range 15) 494 | -10/Materials | Entered Subcaves 613 | -10/Subcaves | A swath of the cavern ceiling suddenly collapsed 672 | -10/Subcaves | Disturbed a concealed Subdweller 765 | -10/Subcaves | Ambushed by Subdweller buried in earth 784 | -10/Subcaves | Shifting Twisted Machinery released Flamer 828 | -10/Subcaves | Shifting Twisted Machinery released Battle Rifle 851 | -10/Subcaves | Core integrity fell below 50% 946 | -10/Subcaves | Disturbed a concealed Subdweller 1006 | -10/Subcaves | Core integrity fell below 20% 1061 | -10/Subcaves | Lost 5 parts (2p1n1u1w) 1269 | -10/Subcaves | Visited triangular shrine 1281 | -10/Subcaves | Found Prototype Device 1281 | -10/Subcaves | Identified V3-11A's Pendant 1286 | -10/Subcaves | Befriended Subdweller 1361 | -10/Subcaves | Befriended Subdweller 1514 | -10/Subcaves | Visited 4L-MR0's lab 1529 | -10/Subcaves | Found Power Bank 1612 | -10/Subcaves | Approached by friendly Subdweller 1651 | -10/Subcaves | Befriended Subdweller 1655 | -10/Subcaves | Discovered new exit (range 16) 1673 | -10/Subcaves | Entered Recycling 1673 | -8/Recycling | Accompanied by 2 allies 1770 | -8/Recycling | Destroyed by Y-45 Defender with Beam Rifle Last Messages --------------- 01697_ Z4MZ<%1M>%R67T8SMJYCKR FMLN00>Force(Tunnel) DISCOVERED[-7/Factory] 01712_ Sub. Monowheel shoots sparks and powers down. 01720_ : VKP0KS:0 WHKAPI5X44QHTY|6JFGPF 01723_ Connecting with Recycling Unit... >>Force(Tunnel) DISCOVERED[-4/Factory] 01731_ U-05 Engineer lays Concrete. 01737_ Acquired 43 matter. 01738_ U-05 Engineer lays Concrete. 01751_ Connecting with Recycling Unit... >>Force(Tunnel) DISCOVERED[-5/Extension] 01763_ System corrupted: Matter fused (-6). 01768_ R-06 Scavenger inserts Hvy. Assault Rifle into recycling unit. Map ----- +----------------------------------------------------+ | ?????????????????????????????????????????????????? | | ?????????????????????????????????????????????????? | | ?????????????????????????????????????????????????? | | ?????????????????????????????????????????????????? | | ?????????????????????????????????????????????????? | | ??????????????????????????????####+##+##?????????? | | ??????????????????????????????+ # ??????? | | ??????????????????????????????# # ??????? | | ??????????????????????????????# # #?????? | | ??????????????????????????????# # #?????? | | ??????????????????????????????+ + #?????? | | ??????????????????????????????# # #?????? | | ??????????????????????????????# # #?????? | | ??????????????????????????????# ?# #?????? | | ??????????????????????????????? ???# #?????? | | ????????????????????????????????#+#????# #?????? | | ??????????????????????????????### #????# #?????? | | ??????????????????????????????#"" #???## #?????? | | ??????????????????????????????#"Y #???#" ####??? | | ?????????????????????####?????#"" #####" " #??? | | ???????????????????#?#"""?????### #"""#" "" #??? | | ??????????????# #### #"Y"######## #"Y"## " #??? | | ??????????????+ Y r R "" #??? | | ??????????????#u % " #??? | | ??????????????# & ####??? | | ????????????? + @ ####??? | | ??????????????# ###+###### #??? | | ??????????????# # # #??? | | ??????????????# r r + """ # #??? | | ??????????????#r#= =#### !!#### """ # #??? | | ????????????????#==????#!!!#??# """ + #??? | | ????????????????##?????#####??# # #??? | | ??????????????????????????????# """ "" # #??? | | ??????????????????????????????# """=Y" # ##+#### | | ??????????????????????????????# """ "" # #?? # | | ??????????????????????????????# # #?? # | | ??????????????????????????????########## #? # | | ?????????????????????????????????????### #? # | | ?????????????????????????????????????#!! # # | | ?????????????????????????????????????#! # # | | ?????????????????????????????????????#!! + # | | ?????????????????????????????????????### # | | ???????????????????????????????????????# # # | | ???????????????????????????????????????# #? # | | ???????????????????????????????????????# #? # | | ???????????????????????????????????????# #?? # | | ???????????????????????????????????????#####?? # | | ??????????????????????????????????????????????? # | | ??????????????????????????????????????????????? # | | ????????????????????????????????????????????????## | +----------------------------------------------------+ Best States ------------- Heat Dissipation 25 Energy Generation 15 Energy Capacity 250 Matter Stores 300 Matter Capacity 300 Sight Range 21 Terrain Scan Range 16 Terrain Scan Density 10 Weapon Shielding 33 Evasion (%) 44 Item Schematics ----------------- None Robot Schematics ------------------ None Fabricated ------------ Nothing Repaired ---------- Nothing Alien Tech Used ----------------- None Achievements -------------- None Challenges ------------ None Game ------ Seed IonicSignalWheel Manual? 0 Play Time 00:15:41 Cumulative 289.7 hours Start 2025.07.27 @ 11:18:43 End 2025.07.27 @ 11:33:31 Sessions 1 Manual Loads 0 Difficulty Rogue Special Mode None Game No. 116 Rogue 45 Adventurer 68 Explorer 3 Win Type - Total 24 Types 16/1/1/4/1/0/0/0/0/1 Lore% 74 Gallery% 72 Achievement% 69 Wizard Run 0 Options --------- Layout 0 ASCII 0 Keyboard 0 Movement Numpad Keybinds 0 Fullscreen 1 Font 24/Smallcaps Map View 76x50 Zoom Use 0% Tactical HUD 1 Map Filters NONE Filters NONE Steam 1 RUN: 7e658858-fd49-4411-a90e-2ef4584d0dc4